AoeStats
← CompaChuy

African Clearing

504133065Analyzed
4v4 RM · 27d ago on Sep 4, 2026· 57m 38s· 8 players
Game mode
Random Map
Map size
Large (8 player)
Population
200
Speed
Normal
Resources
Standard
Victory
Conquest
Starting age
Dark Age
Ending age
Imperial Age
RankedLock teamsTeams togetherTeam positionsShared explorationLock speedFull tech treeHidden civsTurbo modeCheats
Victory
Defeat
🇺🇸 Maya · United States
1156
+9
🇧🇷 Cumans · Brazil
1039
+14
🇺🇸 Hindustanis · United States
987
+17
🇨🇱 Teutons · Chile
975
+17
🇺🇾 Spanish · Uruguay
1015
-15
🇲🇽 Huns · Mexico
1001
-14
🇲🇽 Bohemians · Mexico
1000
-14
🇺🇸 Burgundians · United States
991
-14
AntonioMX
9:05 Loom
14:43 Feudal Age
20:13 Castle Age
25:12 Double-Bit Axe
26:21 Horse Collar
30:23 Town Watch
31:43 Wagenburg Tactics
32:36 Bow Saw
33:42 Wheelbarrow
37:46 Imperial Age
36:11 Hand Cart
36:11 Pikeman
36:51 Squires
37:50 Scale Mail Armor
38:01 Forging
38:06 Heavy Plow
39:00 Conscription
39:44 Chemistry
40:51 Two-Man Saw
40:30 Halberdier
41:51 Chain Mail Armor
42:11 Iron Casting
42:01 Caravan
44:55 Blast Furnace
44:26 Plate Mail Armor
45:24 Siege Engineers
45:53 Elite Hussite Wagon
52:30 Masonry
thatboybevo
13:43 Loom
16:18 Feudal Age
21:33 Castle Age
23:48 Husbandry
23:48 Double-Bit Axe
24:04 Cavalier
27:48 Horse Collar
28:47 Fletching
30:48 Elite Skirmisher
39:11 Imperial Age
37:17 Padded Archer Armor
38:48 Wheelbarrow
51:42 Burgundian Vineyards
52:00 Conscription
54:39 Paladin
55:54 Scale Barding Armor
56:00 Forging
56:24 Gold Mining
CompaChuy
10:54 Loom
14:23 Feudal Age
17:41 Double-Bit Axe
23:47 Castle Age
23:26 Fishing Lines
24:15 Stone Mining
24:16 Gold Mining
24:49 Bow Saw
24:52 Gillnets
25:46 Horse Collar
28:26 Gold Shaft Mining
35:31 Imperial Age
33:37 Wheelbarrow
35:07 Fletching
35:17 Padded Archer Armor
35:27 Husbandry
35:38 Bloodlines
35:36 Thumb Ring
35:50 Heavy Plow
36:03 Bodkin Arrow
36:38 Parthian Tactics
36:58 Ballistics
37:24 Leather Archer Armor
38:04 Conscription
38:10 Bracer
39:43 Two-Man Saw
39:36 Heavy Cavalry Archer
49:07 Caravan
54:38 Forging
54:33 Scale Barding Armor
53:51 Cavalier
55:02 Paladin
57:35 Iron Casting
arenca7
14:10 Feudal Age
14:05 Loom
18:19 Castle Age
16:08 Double-Bit Axe
17:12 Fletching
17:37 Forging
18:54 Bloodlines
23:45 Scale Barding Armor
25:20 Wheelbarrow
26:33 Town Watch
30:13 Fervor
31:18 Stone Mining
31:22 Gold Mining
31:42 Murder Holes
33:04 Inquisition
33:01 Fletching
33:50 Sanctity
33:46 Bow Saw
36:16 Ballistics
36:32 Husbandry
36:40 Padded Archer Armor
38:26 Hand Cart
38:12 Horse Collar
38:33 Pikeman
39:14 Squires
39:46 Scale Mail Armor
40:02 Arson
40:54 Elite Skirmisher
44:03 Atonement
44:40 Herbal Medicine
47:34 Imperial Age
47:16 Bodkin Arrow
49:57 Halberdier
51:28 Thumb Ring
51:25 Bracer
52:22 Heavy Plow
53:36 Town Patrol
54:24 Caravan
54:35 Guilds
55:39 Chemistry
55:48 Stone Shaft Mining
57:42 Chain Mail Armor
58:03 Iron Casting
AoeAuthority.com
5:47 Loom
15:22 Feudal Age
21:23 Castle Age
20:23 Double-Bit Axe
20:21 Horse Collar
23:35 Husbandry
26:09 Bloodlines
29:34 Heavy Plow
29:48 Bow Saw
30:41 Scale Barding Armor
31:13 Fletching
34:14 Forging
33:43 Elite Skirmisher
35:30 Pikeman
41:21 Imperial Age
39:17 Ballistics
40:06 Thumb Ring
40:53 Wheelbarrow
40:59 Bodkin Arrow
44:05 Hand Cart
43:18 Heavy Camel Rider
46:11 Chemistry
48:20 Hoardings
49:09 Town Watch
50:45 Gold Mining
52:34 Imperial Camel Rider
56:09 Chain Barding Armor
56:24 Iron Casting
JustOutOfRange
3:05 Loom
13:01 Feudal Age
13:47 Double-Bit Axe
15:36 Fletching
24:44 Castle Age
23:13 Horse Collar
24:40 Padded Archer Armor
25:01 Crossbowman
25:57 Leather Archer Armor
26:14 Bodkin Arrow
31:55 Wheelbarrow
33:00 Ballistics
35:37 Gold Mining
36:04 Bow Saw
35:56 Heavy Plow
39:17 Stone Mining
43:20 Imperial Age
41:16 Caravan
41:53 Thumb Ring
42:19 Squires
42:04 Arson
42:47 Forging
42:37 Scale Mail Armor
41:59 Pikeman
42:40 Elite Skirmisher
43:48 Hul'che Javelineers
44:05 Town Watch
44:58 Bracer
45:28 Ring Archer Armor
45:34 Iron Casting
45:14 Chain Mail Armor
45:28 Eagle Warrior
45:38 Eagle Warrior
46:35 Chain Mail Armor
47:25 Hand Cart
49:03 Conscription
49:42 Holcans
52:20 Plate Mail Armor
52:50 Blast Furnace
52:00 Town Patrol
51:57 Elite Eagle Warrior
53:50 Blast Furnace
54:57 Halberdier
55:53 Masonry
55:23 Treadmill Crane
56:43 Chemistry
55:50 Devotion
pegador
6:45 Loom
15:02 Feudal Age
16:25 Wheelbarrow
20:13 Town Watch
23:40 Castle Age
21:45 Horse Collar
23:08 Double-Bit Axe
23:17 Stone Mining
24:36 Hand Cart
24:53 Fletching
33:07 Bodkin Arrow
34:46 Redemption
37:42 Imperial Age
37:25 Scale Barding Armor
37:30 Forging
37:52 Cavalier
39:09 Block Printing
39:42 Illumination
39:30 Fervor
39:48 Bow Saw
39:40 Heavy Plow
39:34 Gold Mining
40:20 Stone Shaft Mining
40:26 Stone Shaft Mining
40:10 Paladin
41:08 Elite Skirmisher
42:32 Ballistics
43:21 Chemistry
42:12 Guard Tower
42:33 Masonry
44:31 Bloodlines
45:20 Iron Casting
45:08 Chain Barding Armor
45:19 Padded Archer Armor
46:38 Iron Casting
49:09 Leather Archer Armor
50:12 Plate Barding Armor
50:37 Blast Furnace
50:44 Ring Archer Armor
51:15 Blast Furnace
52:28 Siege Engineers
52:44 Bombard Tower
53:02 Keep
kisameada
3:54 Loom
13:51 Feudal Age
16:22 Double-Bit Axe
20:26 Castle Age
19:06 Horse Collar
20:38 Stone Mining
21:25 Bow Saw
22:15 Heavy Plow
23:51 Thumb Ring
26:15 Fletching
28:57 Gold Mining
31:25 Wheelbarrow
31:08 Bodkin Arrow
33:33 Gold Shaft Mining
36:37 Imperial Age
34:59 Ballistics
34:58 Hand Cart
38:23 Chemistry
38:05 Parthian Tactics
37:46 Padded Archer Armor
40:02 Conscription
41:07 Capped Ram
42:59 Hoardings
42:41 Masonry
44:32 Caravan
45:20 Leather Archer Armor
46:44 Crop Rotation
47:18 Two-Man Saw
45:51 Heavy Cavalry Archer
46:46 Town Watch
46:43 Elite Kipchak
49:32 Bloodlines
48:43 Light Cavalry
52:26 Scale Barding Armor
52:32 Forging
52:21 Hussar
55:10 Iron Casting
54:55 Chain Barding Armor
Connection lost

Rejoining the realm…

Still unreachable

The connection could not be restored.

Session expired

The server has moved on; the page needs a fresh start.